 Dungeon Crawl Stone Soup version 0.28-b1-78-gc65acfa365 (webtiles) character file.

Game seed: 4414832970608870131

70 Awezug the Poker (level 4, -2/35 HPs)
             Began as a Merfolk Gladiator on Feb 4, 2022.
             Slain by a gnoll (4 damage)
             ... on level 2 of the Dungeon.
             The game lasted 00:24:07 (1996 turns).

Awezug the Poker (Merfolk Gladiator)                Turns: 1996, Time: 00:24:07

Health: -2/35      AC:  4    Str: 14    XL:     4   Next: 21%
Magic:  4/4        EV: 14    Int:  7    God:
Gold:   102        SH:  0    Dex: 17    Spells: 3/3 levels left

rFire   . . .      SeeInvis .   a - +0 trident
rCold   . . .      Faith    .   (no shield)
rNeg    . . .      Spirit   .   b - +0 leather armour
rPois   .          Reflect  .   c - +0 helmet
rElec   .          Harm     .   (no cloak)
rCorr   .          Rampage  .   (no gloves)
Will    .....                   (no boots)
Stlth   +.........              (no amulet)
HPRegen 0.11/turn               (no ring)
MPRegen 0.09/turn               (no ring)

@: no status effects
A: (nimble swimmer 2), mertail
a: no special abilities


You were on level 2 of the Dungeon.
You visited 1 branch of the dungeon, and saw 2 of its levels.

You collected 102 gold pieces.

Inventory:

Hand Weapons
 a - a +0 trident (weapon)
 e - a +0 club
 h - a +0 dagger
 i - a +0 whip
 l - a +0 short sword
 m - a +0 dagger
 n - a +0 hunting sling
 r - a +0 dagger
Missiles
 d - 3 throwing nets (quivered)
 j - 35 stones
 q - 21 arrows
Armour
 b - a +0 leather armour (worn)
 c - a +0 helmet (worn)
 g - a +0 ring mail
 p - a +0 ring mail
 t - a +0 robe
Scrolls
 f - a scroll of identify {unknown}
 o - a scroll of teleportation {unknown}
 s - a scroll of enchant armour {unknown}
 u - a scroll of amnesia {unknown}
Potions
 k - a potion of mutation {unknown}
 v - a potion of haste {unknown}


   Skills:
 + Level 3.1 Fighting
 + Level 5.7 Polearms
 - Level 2.0 Throwing
 + Level 4.9 Dodging


You had 3 spell levels left.
You didn't know any spells.
Your spell library was empty.

Dungeon Overview and Level Annotations

Branches:
Dungeon (2/15)

Altars:


Innate Abilities, Weirdness & Mutations

((You are very nimble when in or above water. (Stealth+, EV+, Speed+++)))
Your lower body shifts to a powerful aquatic tail in water.


Message History

You hit the gnoll but do no damage.
The gnoll is severely wounded.
The gnoll misses you.
You hit the gnoll.
The gnoll is severely wounded.
You barely miss the gnoll. The gnoll barely misses you.
You barely miss the gnoll. The gnoll misses you.
You hit the gnoll but do no damage. The gnoll misses you.
You barely miss the gnoll. The gnoll hits you with a +0 flail.
You are too injured to fight recklessly!
Unknown command.
Reach: a) +0 trident
Press: ? - help, Dir - move target, f - gnoll, p - gnoll
Aim: a gnoll, wielding a +0 whip (severely wounded, about 35% to evade your +0 trident)
You reach to attack!
You hit the gnoll.
You kill the gnoll!
The gnoll misses you.
Your Fighting skill increases to level 3!
You have reached level 4!
You are too injured to fight recklessly!
You are too injured to fight recklessly!
You are too injured to fight recklessly!
You are too injured to fight recklessly!
You are too injured to fight recklessly!
You hit the gnoll but do no damage. The gnoll hits you with a +0 flail.
* * * LOW HITPOINT WARNING * * *
You barely miss the gnoll. The gnoll hits you with a +0 flail.
* * * LOW HITPOINT WARNING * * *
You puncture the gnoll!
The gnoll is severely wounded.
The gnoll closely misses you.
You hit the gnoll but do no damage.
The gnoll is severely wounded.
The gnoll closely misses you.
You puncture the gnoll!
You kill the gnoll!
You barely miss the gnoll. The gnoll hits you with a +0 club.
* * * LOW HITPOINT WARNING * * *
You closely miss the gnoll. The gnoll hits you with a +0 club.
You die...

....#
#...#.............
....# #..
##.##.............
....# #..
##.##.............
...... ....
#...#.............
...... ....
##.#####..........
...... #..####.##
#......... .....
...#...# #########
###. #.##.##
#)g@.# ######


You could see a gnoll.

Vanquished Creatures
  2 gnolls (D:2)
  An adder (D:2)
  A worm (D:2)
  4 bats (D:1)
  2 endoplasms
  2 giant cockroaches (D:1)
  4 goblins
  3 hobgoblins
  6 kobolds
  2 quokkas (D:1)
  5 ball pythons
  2 frilled lizards (D:2)
  2 rats (D:1)
36 creatures vanquished.

Vanquished Creatures (others)
  A plant (D:1)
1 creature vanquished.

Grand Total: 37 creatures vanquished

Notes
Turn   | Place    | Note
-------+----------+-------------------------------------------
     0 | D:1      | Awezug the Merfolk Gladiator began the quest for the Orb.
     0 | D:1      | Reached XP level 1. HP: 16/16 MP: 1/1
   209 | D:1      | Reached XP level 2. HP: 17/22 MP: 2/2
   315 | D:1      | Reached skill level 5 in Polearms
   816 | D:1      | Reached XP level 3. HP: 28/28 MP: 3/3
  1990 | D:2      | Reached XP level 4. HP: 14/35 MP: 4/4
  1996 | D:2      | Slain by a gnoll

Illustrated notes

Levels and vault maps discovered:
D:1:      evilmike_arrival_crescent, layout_loops_ring, serial_forest,
          infiniplex_forest_join, infiniplex_forest_lined_room_2,
          infiniplex_forest_corner_1, infiniplex_forest_end_1,
          infiniplex_forest_clump_curved, infiniplex_forest_lined_2,
          infiniplex_forest_lined_corner, infiniplex_forest_end_2
D:2:      layout_basic, basic_altar, st_stairs_6, hangedman_decor_riveting,
          amcnicky_mini_corridor_feature, ebering_dispersal_statue_hall,
          minmay_tall_x

Skill      XL: |  1  2  3 |
---------------+----------+-----
Polearms       | 5 |  5.7
Fighting       | 3 |  3.1
Throwing       | |  2.0
Dodging        | |  4.9

Action                   |  1- 3 |  4- 6 || total
-------------------------+-------+-------++-------
Melee: Trident           |   144 |     7 ||   151
 Stab: Sleeping          |     3 |       ||     3
Armor: Leather armour    |    25 |       ||    25
Dodge: Dodged            |    78 |     2 ||    80
